 Dungeon Crawl Stone Soup version 0.31.0-11-ge490571c62 (webtiles) character file.

Game seed: 5308239833379202354

49 Flugkiller the Chiller (level 3, 0/16 HPs)
             Began as a Vine Stalker Ice Elementalist on Feb 1, 2024.
             Slain by a hound (5 damage)
             ... on level 5 of the Dungeon.
             The game lasted 00:01:20 (256 turns).

Flugkiller the Chiller (VSIE)                        Turns: 256, Time: 00:01:21

Health: 0/16       AC:  2    Str: 10    XL:     3   Next: 77%
Magic:  0/8        EV: 17    Int: 17    God:
Gold:   35         SH:  0    Dex: 14    Spells: 4/8 levels left

rFire   . . .        (no weapon)
rCold   . . .        (no shield)
rNeg    . . .        a - +0 robe
rPois   .            (no helmet)
rElec   .            (no cloak)
rCorr   .            (no gloves)
SInv    .            (no boots)
Will    .....        (no amulet)
Stlth   ++           v - +5 ring of evasion
HPRegen 1.02/turn    (no ring)
MPRegen 0.11/turn

%: guardian spirit
@: very slightly contaminated
A: fangs 2, regeneration 1, magic shield, antimagic bite, no potion heal 2
a: no special abilities


You were on level 5 of the Dungeon.
You visited 1 branch of the dungeon, and saw 5 of its levels.

You collected 35 gold pieces.

Inventory:

Armour
 a - a +0 robe (worn)
Jewellery
 v - a +5 ring of evasion (left hand)
   (You found it on level 1 of the Dungeon)
Scrolls
 c - a scroll of teleportation {unknown}
Potions
 b - a potion of magic
 d - a potion of haste {unknown}


   Skills:
 - Level 1.5 Dodging
 - Level 2.4 Stealth
 + Level 3.2 Spellcasting
 + Level 4.7 Ice Magic


You had 4 spell levels left.
You knew the following spells:

 Your Spells              Type           Power      Damage    Failure   Level
a - Freeze                Ice            72%        1d8       2%          1
b - Frozen Ramparts       Ice            36%        1d6       8%          3

Your spell library contained the following spells:

 Spells                   Type           Power      Damage    Failure   Level
 Ozocubu's Armour         Ice            18%        N/A       8%          3
 Foxfire                  Conj/Fire      8%         2x1d4     17%         1
 Summon Ice Beast         Ice/Summ       10%        N/A       19%         3
 Plasma Beam              Fire/Air       1%         2x1d11    100%        6
 Starburst                Conj/Fire      1%         6d3       100%        6


Dungeon Overview and Level Annotations

Branches:
Dungeon (5/15) Zot: 26916
 Temple: D:4-7

Altars:


Innate Abilities, Weirdness & Mutations

You have extremely sharp teeth.
Your natural rate of healing is unusually fast.
When hurt, damage is shared between your health and your magic reserves.
Your bite disrupts and absorbs the magic of your enemies.
Potions cannot restore your health.


Message History

Casting: Freeze (safe; 2% risk of failure)
Confirm with . or Enter, or press ? or * to list all spells.
Aiming: Freeze (safe; 2% risk of failure)
Press: ? - help, Shift-Dir - straight line, f/p - dart slug
Aim: a dart slug (severely wounded)
You freeze the dart slug.
The dart slug is almost dead.
The endoplasm freezes you.
You are frozen.
You hit the dart slug but do no damage. You bite the dart slug.
You kill the dart slug!
The endoplasm freezes you.
You are frozen.
You hit the endoplasm but do no damage. You bite the endoplasm.
You drain its power.
You feel invigorated.
The endoplasm is moderately wounded.
The endoplasm freezes you.
You are frozen.
Casting: Freeze (safe; 2% risk of failure)
Confirm with . or Enter, or press ? or * to list all spells.
Aiming: Freeze (safe; 2% risk of failure)
Press: ? - help, Shift-Dir - straight line, f - endoplasm
Aim: an endoplasm (moderately wounded)
You freeze the endoplasm!
You kill the endoplasm!
There is a stone staircase leading up, spattered with blood here.
Okay, then.
Okay, then.
Unknown command.
This spell is extremely dangerous to cast!
You start memorising the spell.
You continue memorising. x3
You finish memorising.
Spell assigned to 'b'.
Unknown command.
An adder comes into view.
The adder hisses angrily.
A hound comes into view.
Unknown command.
The hound barks!
The adder misses you. The adder attacks as it pursues you!
The adder misses you.
An orc comes into view. It is wielding a +0 hand axe.
The orc shouts!
Casting: Freeze (safe; 2% risk of failure)
Confirm with . or Enter, or press ? or * to list all spells.
The walls around you are covered in ice.
The wall freezes the adder.
The adder seems to slow down.
The adder misses you.
The wall freezes the hound.
The wall freezes the adder but does no damage.
The adder misses you.
Unknown command.
You closely miss the adder.
The adder is lightly wounded.
The wall freezes the hound.
A shadow imp comes into view.
The hound bites you.
The wall freezes the adder.
The adder barely misses you.
Casting: Frozen Ramparts (extremely dangerous; 8% risk of failure)
Confirm with . or Enter, or press ? or * to list all spells.
Aiming: Freeze (safe; 2% risk of failure)
Press: ? - help, Shift-Dir - straight line, f - hound
Aim: a hound (moderately wounded)
You freeze the hound.
The hound is heavily wounded.
The shadow imp shouts, "Fly, thou grime-gilt unchin-snouted coxcomb!"
The hound bites you but does no damage.
Unknown command.
Casting: Freeze (safe; 2% risk of failure)
Confirm with . or Enter, or press ? or * to list all spells.
Aiming: Freeze (safe; 2% risk of failure)
Press: ? - help, Shift-Dir - straight line, f/p - hound
Aim: a hound (heavily wounded)
You freeze the hound.
The hound is almost dead.
The adder is no longer moving slowly.
The hound barely misses you.
The wall freezes the adder.
The adder closely misses you. The hound completely misses you.
Unknown command.
You hit the adder but do no damage. Your bite misses the adder.
The adder is heavily wounded.
The wall freezes the adder.
The adder seems to slow down.
The adder closely misses you. The hound bites you.
The wall freezes the adder.
You kill the adder!
Unknown command.
You barely miss the hound. Your bite misses the hound.
The hound is almost dead.
The hound completely misses you.
The wall freezes the orc.
The orc hits you with a +0 hand axe. The hound misses you.
Unknown command.
Casting: Freeze (safe; 2% risk of failure)
Confirm with . or Enter, or press ? or * to list all spells.
Aiming: Freeze (safe; 2% risk of failure)
Press: ? - help, Shift-Dir - straight line, f/p - hound
Aim: a hound (almost dead)
You miscast Freeze.
You are very lightly contaminated with residual magic.
Nothing appears to happen.
The frozen ramparts melt away.
The hound completely misses you. The orc barely misses you.
You closely miss the hound.
The hound is almost dead.
The hound misses you. The orc hits you with a +0 hand axe! The hound bites you.
You die...

..............#
..............###############
.............................
.............................
.............................
.............................
.............................
.................h...........
#............#..@............
.........o###..........
........5# ##.........
....... ##h....... .......
##....... ...#### ....... #.#
..#.... .. ...#...


You could see a hound, a shadow imp and an orc.

Vanquished Creatures
  A bombardier beetle (D:4)
  An adder (D:5)
  A dart slug (D:5)
  A bat (D:2)
  3 endoplasms
  A goblin (D:1)
  A ball python (D:3)
9 creatures vanquished.

Notes
Turn   | Place    | Note
-------+----------+-------------------------------------------
     0 | D:1      | Flugkiller the Vine Stalker Ice Elementalist began the
                  | quest for the Orb.
     0 | D:1      | Reached XP level 1. HP: 9/9 MP: 4/4
   173 | D:5      | Entered Level 5 of the Dungeon
   185 | D:4      | Noticed a bombardier beetle
   203 | D:4      | Killed a bombardier beetle
   204 | D:4      | Reached XP level 2. HP: 6/13 MP: 0/7
   204 | D:4      | Reached XP level 3. HP: 7/16 MP: 0/8
   224 | D:5      | Learned a level 3 spell: Frozen Ramparts
   256 | D:5      | Slain by a hound

Illustrated notes

Levels and vault maps discovered:
D:1:      dpeg_arrival_long_road, layout_rooms,
          hellmonk_ecumenical_altar_run_dry
D:2:      layout_loops_ring, minmay_distorted
D:3:      layout_basic, demons_altar, old_standard_altar
D:4:      minmay_skewed_foursquare, layout_basic,
          minmay_temple_entry_sparse_star, uniq_menkaure
D:5:      layout_layer_cave, old_standard_altar, lemuel_tele_altar, uniq_pikel

Skill      XL: |  1 |
---------------+----+-----
Spellcasting   | 3 |  3.2
Dodging        | |  1.5
Stealth        | |  2.4
Ice Magic      | |  4.7

Action                     || total
---------------------------++-------
  Melee: Unarmed           ||    16
         Bite              ||     5
   Cast: Freeze            ||    16
         Frozen Ramparts   ||     1
 Armour: Robe              ||    16
  Dodge: Dodged            ||    30
